Calgary Flames vs Montreal Canadiens
Created - Saturday, September 20, 2025 at 10:20
Goals
|
| Calgary Flames |
0 |
0 |
2 |
0 |
2 |
| Montreal Canadiens |
0 |
0 |
2 |
1 |
3 |
|
Shots
|
| Calgary Flames |
11 |
10 |
16 |
2 |
39 |
| Montreal Canadiens |
14 |
8 |
11 |
1 |
34 |
|
1st period
No Goal
Penalties :
Brady Skjei (MTL) for Holding (Minor) at 15:01
2nd period
No Goal
Penalties :
Jeremy Lauzon (CGY) for Tripping (Minor) at 1:40, Jeremy Lauzon (CGY) for Hooking (Minor) at 6:42, Brady Skjei (MTL) for Hooking (Minor) at 13:54
3rd period
1. Montreal Canadiens , Ryan Poehling 11 (Patrik Laine 12, Brady Skjei 14) at 0:32
2. Calgary Flames , Joel Eriksson Ek 8 (Matthew Tkachuk 9) at 1:56
3. Montreal Canadiens , Martin Necas 21 (Damon Severson 5, Macklin Celebrini 26) at 12:55 (PP)
4. Calgary Flames , Nick Paul 5 (Ben Meyers 5, Joel Eriksson Ek 14) at 18:32
Penalties :
Filip Hronek (CGY) for Holding (Minor) at 6:11, Filip Hronek (CGY) for Tripping (Minor) at 12:47, Jeremy Lauzon (CGY) for Holding (Minor) at 14:20, Dylan Larkin (MTL) for Tripping (Minor) at 19:20
Overtime #1
5. Montreal Canadiens , Teddy Blueger 4 (Lane Hutson 17, Jake Evans 13) at 1:39
Penalties :
No Penalty
Goalie Stats
Ilya Sorokin (CGY), 31 saves from 34 shots - (0.912), OTL, 10-5-3, 61:37 minutes
Stuart Skinner (MTL), 37 saves from 39 shots - (0.949), W, 13-11-3, 61:39 minutes
Players Stats for Calgary Flames
Player Name G A P +/- PIM S H SB GA TA FO MP PP MP PK MP
------------------------------------------------------------------------------------
Alec Martinez 0 0 0 0 0 2 0 0 0 1 0/0 20:08 2:23 3:34
Ben Meyers 0 1 1 1 0 1 1 0 0 0 0/0 8:56 0:00 0:01
Bo Horvat 0 0 0 -2 0 4 2 1 0 0 14/21 20:26 2:25 3:58
Cale Makar 0 0 0 -2 0 4 3 0 0 1 0/0 24:46 2:14 4:47
Chris Kreider 0 0 0 0 0 1 1 0 1 0 2/2 15:30 2:12 0:00
Filip Hronek 0 0 0 2 4 0 3 0 0 0 0/0 16:54 0:00 0:00
J.T. Miller 0 0 0 0 0 6 0 0 1 0 10/24 20:22 2:12 3:59
Jeremy Lauzon 0 0 0 0 6 0 2 1 0 0 0/0 18:58 2:23 0:57
Joel Eriksson Ek 1 1 2 1 0 5 0 1 1 0 5/10 16:38 0:00 4:05
Kris Letang 0 0 0 -2 0 1 1 1 0 0 0/0 24:35 2:14 4:30
Mathieu Joseph 0 0 0 0 0 2 1 0 0 1 1/1 15:30 2:12 0:00
Matthew Tkachuk 0 1 1 1 0 5 3 0 2 0 0/1 12:30 0:00 0:07
Nic Dowd 0 0 0 1 0 1 0 0 0 1 2/5 8:21 0:00 0:00
Nick Paul 1 0 1 1 0 3 1 0 0 0 0/0 8:21 0:00 0:00
Pavel Zacha 0 0 0 1 0 0 0 1 1 0 1/1 11:49 0:00 0:00
Sebastian Aho 0 0 0 -2 0 2 1 0 1 0 0/2 20:35 2:25 3:58
Uvis Balinskis 0 0 0 2 0 0 2 1 0 1 0/0 18:40 0:00 2:20
Zach Hyman 0 0 0 -1 0 2 0 0 0 1 0/1 15:28 2:25 0:00
Players Stats for Montreal Canadiens
Player Name G A P +/- PIM S H SB GA TA FO MP PP MP PK MP
------------------------------------------------------------------------------------
Adam Fox 0 0 0 -1 0 2 0 1 0 1 0/0 22:36 3:54 3:33
Brad Marchand 0 0 0 -1 0 0 3 0 0 0 0/1 17:58 4:00 0:00
Brady Skjei 0 1 1 0 4 3 1 4 0 1 0/0 22:45 4:10 1:12
Damon Severson 0 1 1 0 0 1 0 2 0 0 0/0 19:04 4:10 0:00
Drew O'Connor 0 0 0 2 0 1 3 0 1 0 0/0 11:23 0:00 2:04
Dylan Larkin 0 0 0 -1 2 4 2 0 1 0 17/32 20:41 4:04 0:00
Evgeni Dadonov 0 0 0 0 0 1 1 0 0 0 0/0 8:14 0:00 0:05
Ilya Lyubushkin 0 0 0 0 0 2 1 0 0 1 0/0 16:23 0:00 2:24
Jackson Blake 0 0 0 0 0 0 0 0 0 0 0/0 7:53 0:00 0:00
Jake Evans 0 1 1 -1 0 2 2 0 0 1 1/2 19:37 0:00 3:02
Jeff Petry 0 0 0 0 0 3 0 0 0 2 0/0 17:16 0:00 2:21
Juraj Slafkovsky 0 0 0 -1 0 3 1 1 0 0 1/2 17:46 4:04 0:00
Lane Hutson 0 1 1 1 0 0 1 0 1 1 0/0 25:21 3:54 2:24
Macklin Celebrini 0 1 1 -1 0 2 1 2 0 0 9/15 17:39 4:00 0:00
Martin Necas 1 0 1 -1 0 2 2 0 3 0 0/1 20:36 4:00 0:05
Patrik Laine 0 1 1 1 0 3 1 0 0 0 0/0 12:49 4:04 0:00
Ryan Poehling 1 0 1 1 0 3 0 0 0 0 4/8 12:27 0:00 3:14
Teddy Blueger 1 0 1 1 0 2 0 1 0 0 1/7 10:08 0:00 2:04
3 Stars
1 - Stuart Skinner (MTL)
2 - Joel Eriksson Ek (CGY)
3 - Teddy Blueger (MTL)
Power Play
Calgary Flames - 0 on 3 Attempt(s) - 0.00%
Montreal Canadiens - 1 on 5 Attempt(s) - 20.00%
Penalty Kill
Calgary Flames - 4 on 5 Attempt(s) - 80.00%
- Score 0 goal in Penalty Kill
Montreal Canadiens - 3 on 3 Attempt(s) - 100.00%
- Score 0 goal in Penalty Kill
Team Stat
Calgary Flames - Hits : 21 - Faceoff Wins : 35 - Blocked Shots : 6 - Penalty Minutes : 10
Montreal Canadiens - Hits : 19 - Faceoff Wins : 33 - Blocked Shots : 11 - Penalty Minutes : 6
Official
Referees : Morgan Macphee and Mitch Dunning
Linesman : Mitchell Hunt
Game Notes
No Game Note
Finance
Level 1 -- Attendance: 6000 (100.00%) -- Ticket Income $558,000
Level 2 -- Attendance: 4467 (89.34%) -- Ticket Income $236,751
Level 3 -- Attendance: 2937 (97.90%) -- Ticket Income $93,984
Level 4 -- Attendance: 4456 (89.12%) -- Ticket Income $98,032
Luxury Box -- Attendance: 812 (81.20%) -- Ticket Income $158,340
Game was played at the Bell Centre.
Total Attendance: 18672 (93.36%)
Total Ticket Income: $1,145,107
Other Income: $400,787
Total Income: $1,545,894
Calgary Flames
5 vs 5 Forward
Center Left Wing Right Wing Time % Phy DF OF
1 Bo Horvat Sebastian Aho Zach Hyman 30 1 2 2
2 J.T. Miller Chris Kreider Mathieu Joseph 30 1 2 2
3 Joel Eriksson Ek Matthew Tkachuk Pavel Zacha 25 1 2 2
4 Nic Dowd Nick Paul Ben Meyers 15 1 2 2
5 vs 5 Defense
Defense Defense Time % Phy DF OF
1 Cale Makar Kris Letang 35 1 2 2
2 Filip Hronek Uvis Balinskis 35 1 2 2
3 Jeremy Lauzon Alec Martinez 30 1 2 2
4 Cale Makar Kris Letang 0 1 2 2
PowerPlay Forward
Center Left Wing Right Wing Time % Phy DF OF
1 Bo Horvat Sebastian Aho Zach Hyman 50 1 2 2
2 J.T. Miller Chris Kreider Mathieu Joseph 50 1 2 2
PowerPlay Defense
Defense Defense Time % Phy DF OF
1 Cale Makar Kris Letang 50 1 2 2
2 Jeremy Lauzon Alec Martinez 50 1 2 2
Penalty Kill 4 Players Forward
Center Wing Time % Phy DF OF
1 Bo Horvat Sebastian Aho 50 1 2 2
2 J.T. Miller Joel Eriksson Ek 50 1 2 2
Penalty Kill 4 Players Defense
Defense Defense Time % Phy DF OF
1 Cale Makar Kris Letang 50 1 2 2
2 Alec Martinez Jeremy Lauzon 50 1 2 2
Penalty Kill - 3 Players Forward
Forward Time % Phy DF OF
1 Bo Horvat 50 1 2 2
2 Sebastian Aho 50 1 2 2
Penalty Kill - 3 Players Defense
Defense Defense Time % Phy DF OF
1 Cale Makar Kris Letang 50 1 2 2
2 Alec Martinez Jeremy Lauzon 50 1 2 2
4 vs 4 Forward
Center Wing Time % Phy DF OF
1 Bo Horvat Sebastian Aho 50 1 2 2
2 J.T. Miller Joel Eriksson Ek 50 1 2 2
4 vs 4 Defense
Defense Defense Time % Phy DF OF
1 Cale Makar Kris Letang 50 1 2 2
2 Jeremy Lauzon Alec Martinez 50 1 2 2
Last Minutes Offensive
Center Left Wing Right Wing Defense Defense
Bo Horvat Sebastian Aho Zach Hyman Cale Makar Kris Letang
Last Minutes Defensive
Center Left Wing Right Wing Defense Defense
Bo Horvat Sebastian Aho Zach Hyman Cale Makar Kris Letang
Goaltenders
Starting : Ilya Sorokin
Backup : Pheonix Copley
Extra Forwards
Normal : Nic Dowd, Ben Meyers, Matthew Tkachuk - PP : Nic Dowd, Ben Meyers - PK : Matthew Tkachuk
Extra Defensemen
Normal : Jeremy Lauzon, Alec Martinez, Kris Letang - PP : Jeremy Lauzon - PK : Alec Martinez, Cale Makar
Penalty Shots
Bo Horvat, Sebastian Aho, J.T. Miller, Joel Eriksson Ek, Zach Hyman
Scratches
Drew Doughty (Healthy), Angus Crookshank (Healthy), Anton Forsberg (Bruised Left Arm Injury)
Montreal Canadiens
5 vs 5 Forward
Center Left Wing Right Wing Time % Phy DF OF
1 Dylan Larkin Martin Necas Jake Evans 40 1 2 2
2 Macklin Celebrini Juraj Slafkovsky Brad Marchand 30 1 2 2
3 Ryan Poehling Patrik Laine Drew O'Connor 20 1 2 2
4 Teddy Blueger Evgeni Dadonov Jackson Blake 10 1 2 2
5 vs 5 Defense
Defense Defense Time % Phy DF OF
1 Brady Skjei Lane Hutson 40 1 2 2
2 Jeff Petry Damon Severson 30 1 2 2
3 Adam Fox Ilya Lyubushkin 30 1 2 2
4 Brady Skjei Lane Hutson 0 1 2 2
PowerPlay Forward
Center Left Wing Right Wing Time % Phy DF OF
1 Macklin Celebrini Brad Marchand Martin Necas 50 1 2 2
2 Dylan Larkin Juraj Slafkovsky Patrik Laine 50 1 2 2
PowerPlay Defense
Defense Defense Time % Phy DF OF
1 Lane Hutson Adam Fox 50 1 2 2
2 Brady Skjei Damon Severson 50 1 2 2
Penalty Kill 4 Players Forward
Center Wing Time % Phy DF OF
1 Ryan Poehling Jake Evans 50 1 2 2
2 Teddy Blueger Drew O'Connor 50 1 2 2
Penalty Kill 4 Players Defense
Defense Defense Time % Phy DF OF
1 Adam Fox Brady Skjei 50 1 2 2
2 Lane Hutson Ilya Lyubushkin 50 1 2 2
Penalty Kill - 3 Players Forward
Forward Time % Phy DF OF
1 Ryan Poehling 50 1 2 2
2 Jake Evans 50 1 2 2
Penalty Kill - 3 Players Defense
Defense Defense Time % Phy DF OF
1 Adam Fox Brady Skjei 50 1 2 2
2 Lane Hutson Ilya Lyubushkin 50 1 2 2
4 vs 4 Forward
Center Wing Time % Phy DF OF
1 Teddy Blueger Drew O'Connor 50 1 2 2
2 Ryan Poehling Evgeni Dadonov 50 1 2 2
4 vs 4 Defense
Defense Defense Time % Phy DF OF
1 Brady Skjei Adam Fox 50 1 2 2
2 Lane Hutson Damon Severson 50 1 2 2
Last Minutes Offensive
Center Left Wing Right Wing Defense Defense
Macklin Celebrini Brad Marchand Martin Necas Lane Hutson Adam Fox
Last Minutes Defensive
Center Left Wing Right Wing Defense Defense
Jake Evans Ryan Poehling Drew O'Connor Brady Skjei Adam Fox
Goaltenders
Starting : Stuart Skinner
Backup : Pyotr Kochetkov
Extra Forwards
Normal : Brad Marchand, Dylan Larkin, Macklin Celebrini - PP : Dylan Larkin, Macklin Celebrini - PK : Martin Necas
Extra Defensemen
Normal : Lane Hutson, Brady Skjei, Adam Fox - PP : Lane Hutson - PK : Brady Skjei, Adam Fox
Penalty Shots
Patrik Laine, Teddy Blueger, Ryan Poehling, Dylan Larkin, Adam Fox
Scratches
Ian Mitchell (Healthy), David Rittich (Healthy)
% Time on Ice - Calgary Flames
Lines # - Real PCT - Wanted PCT - Time Play
Normal Forward
1 - 29% - 30% - 13:45
2 - 28% - 30% - 13:24
3 - 25% - 25% - 11:49
4 - 18% - 15% - 8:21
Normal Defense
1 - 34% - 35% - 16:17
2 - 37% - 35% - 17:39
3 - 28% - 30% - 13:23
4 - 0% - 0% - 0:00
PP Forward
1 - 52% - 50% - 2:25
2 - 48% - 50% - 2:12
PP Defense
1 - 48% - 50% - 2:14
2 - 52% - 50% - 2:23
PK Forward
1 - 49% - 50% - 3:59
2 - 51% - 50% - 4:05
PK Defense
1 - 52% - 50% - 4:10
2 - 48% - 50% - 3:54
PK3 Forward
1 - 0% - 50%
2 - 0% - 50%
PK3 Defense
1 - 0% - 50%
2 - 0% - 50%
44 Forward
1 - 53% - 50% - 0:52
2 - 47% - 50% - 0:47
44 Defense
1 - 55% - 50% - 0:54
2 - 45% - 50% - 0:45
Last Minute Offensive - 0:00
Last Minute Defensive - 0:00
Total
Forward - 61:39
Defense - 61:39
|
% Time on Ice - Montreal Canadiens
Lines # - Real PCT - Wanted PCT - Time Play
Normal Forward
1 - 35% - 40% - 16:36
2 - 29% - 30% - 13:42
3 - 19% - 20% - 9:08
4 - 17% - 10% - 7:53
Normal Defense
1 - 41% - 40% - 19:19
2 - 30% - 30% - 14:20
3 - 29% - 30% - 13:40
4 - 0% - 0% - 0:00
PP Forward
1 - 50% - 50% - 4:00
2 - 50% - 50% - 4:04
PP Defense
1 - 48% - 50% - 3:54
2 - 52% - 50% - 4:10
PK Forward
1 - 55% - 50% - 2:33
2 - 45% - 50% - 2:04
PK Defense
1 - 58% - 50% - 2:42
2 - 42% - 50% - 1:55
PK3 Forward
1 - 58% - 50% - 0:46
2 - 43% - 50% - 0:34
PK3 Defense
1 - 64% - 50% - 0:51
2 - 36% - 50% - 0:29
44 Forward
1 - 58% - 50% - 0:11
2 - 42% - 50% - 0:08
44 Defense
1 - 0% - 50% - 0:00
2 - 100% - 50% - 0:19
Last Minute Offensive - 0:00
Last Minute Defensive - 0:00
Total
Forward - 61:39
Defense - 61:39
|
Play-by-Play
1st period
0:01 of 1st period - Dylan Larkin wins face-off versus Sebastian Aho in neutral zone.
0:12 of 1st period - Wrist shot by Zach Hyman.
0:12 of 1st period - Stopped by Stuart Skinner with a rebound.
0:14 of 1st period - Wrist shot by Sebastian Aho.
0:14 of 1st period - Stopped by Stuart Skinner with a rebound.
0:16 of 1st period - Wrist shot by Cale Makar.
0:16 of 1st period - Shot Misses the Net.
0:41 of 1st period - Wrist shot by Martin Necas.
0:41 of 1st period - Deflect By Matthew Tkachuk.
0:41 of 1st period - Shot Blocked by Joel Eriksson Ek.
0:41 of 1st period - Puck is out of play.
0:42 of 1st period - Macklin Celebrini wins face-off versus J.T. Miller in Calgary Flames zone.
0:47 of 1st period - Wrist shot by Juraj Slafkovsky.
0:47 of 1st period - Stopped by Ilya Sorokin without a rebound.
0:48 of 1st period - Macklin Celebrini wins face-off versus J.T. Miller in Calgary Flames zone.
1:09 of 1st period - Icing by J.T. Miller.
1:10 of 1st period - Chris Kreider wins face-off versus Ryan Poehling in Calgary Flames zone.
1:33 of 1st period - Wrist shot by J.T. Miller.
1:33 of 1st period - Stopped by Stuart Skinner with a rebound.
1:35 of 1st period - Snap shot by Chris Kreider.
1:35 of 1st period - Shot Blocked by Damon Severson.
1:37 of 1st period - Snap shot by Mathieu Joseph.
1:37 of 1st period - Shot Misses the Net.
1:47 of 1st period - Slapshot by J.T. Miller.
1:47 of 1st period - Deflect By Chris Kreider.
1:47 of 1st period - Shot Blocked by Teddy Blueger.
1:47 of 1st period - Puck is out of play.
1:48 of 1st period - Macklin Celebrini wins face-off versus Nic Dowd in Montreal Canadiens zone.
1:59 of 1st period - Snap shot by Juraj Slafkovsky.
1:59 of 1st period - Stopped by Ilya Sorokin with a rebound.
2:01 of 1st period - Slapshot by Brady Skjei.
2:01 of 1st period - Stopped by Ilya Sorokin with a rebound.
2:15 of 1st period - Jeremy Lauzon is hit by Drew O'Connor and loses puck.
2:24 of 1st period - Wrist shot by Drew O'Connor.
2:24 of 1st period - Shot Misses the Net.
2:26 of 1st period - Slapshot by Adam Fox.
2:26 of 1st period - Stopped by Ilya Sorokin with a rebound.
2:28 of 1st period - Snap shot by Ilya Lyubushkin.
2:28 of 1st period - Stopped by Ilya Sorokin without a rebound.
2:29 of 1st period - Bo Horvat wins face-off versus Dylan Larkin in Calgary Flames zone.
3:23 of 1st period - Cale Makar is hit by Drew O'Connor and loses puck.
5:00 of 1st period - Snap shot by J.T. Miller.
5:00 of 1st period - Stopped by Stuart Skinner with a rebound.
5:16 of 1st period - Jake Evans is hit by Bo Horvat and loses puck.
5:41 of 1st period - Snap shot by Evgeni Dadonov.
5:41 of 1st period - Shot Misses the Net.
5:43 of 1st period - Wrist shot by Teddy Blueger.
5:43 of 1st period - Shot Misses the Net.
5:45 of 1st period - Slapshot by Damon Severson.
5:45 of 1st period - Stopped by Ilya Sorokin with a rebound.
5:47 of 1st period - Snap shot by Evgeni Dadonov.
5:47 of 1st period - Stopped by Ilya Sorokin with a rebound.
6:11 of 1st period - Snap shot by Matthew Tkachuk.
6:11 of 1st period - Deflect By Juraj Slafkovsky.
6:11 of 1st period - Shot Misses the Net.
6:11 of 1st period - Puck is out of play.
6:12 of 1st period - Chris Kreider wins face-off versus Dylan Larkin in Montreal Canadiens zone.
6:23 of 1st period - Wrist shot by J.T. Miller.
6:23 of 1st period - Stopped by Stuart Skinner with a rebound.
6:25 of 1st period - Slapshot by Jeremy Lauzon.
6:25 of 1st period - Deflect By Chris Kreider.
6:25 of 1st period - Shot Misses the Net.
6:25 of 1st period - Puck is out of play.
6:26 of 1st period - Joel Eriksson Ek wins face-off versus Dylan Larkin in Montreal Canadiens zone.
6:29 of 1st period - Snap shot by Joel Eriksson Ek.
6:29 of 1st period - Stopped by Stuart Skinner without a rebound.
6:30 of 1st period - Joel Eriksson Ek wins face-off versus Dylan Larkin in Montreal Canadiens zone.
6:33 of 1st period - Slapshot by Joel Eriksson Ek.
6:33 of 1st period - Stopped by Stuart Skinner with a rebound.
7:09 of 1st period - Wrist shot by Patrik Laine.
7:09 of 1st period - Deflect By Drew O'Connor.
7:09 of 1st period - Shot Misses the Net.
7:09 of 1st period - Puck is out of play.
7:10 of 1st period - J.T. Miller wins face-off versus Macklin Celebrini in Calgary Flames zone.
7:10 of 1st period - J.T. Miller is hit by Brad Marchand.
8:29 of 1st period - Wrist shot by Dylan Larkin.
8:29 of 1st period - Shot Blocked by Jeremy Lauzon.
8:31 of 1st period - Wrist shot by Dylan Larkin.
8:31 of 1st period - Shot Misses the Net.
9:24 of 1st period - Snap shot by Martin Necas.
9:24 of 1st period - Stopped by Ilya Sorokin with a rebound.
9:26 of 1st period - Snap shot by Dylan Larkin.
9:26 of 1st period - Deflect By Martin Necas.
9:26 of 1st period - Shot Blocked by Bo Horvat.
9:26 of 1st period - Puck is out of play.
9:27 of 1st period - Joel Eriksson Ek wins face-off versus Brad Marchand in Calgary Flames zone.
9:36 of 1st period - Pavel Zacha is hit by Juraj Slafkovsky and loses puck.
9:43 of 1st period - Damon Severson is hit by Matthew Tkachuk.
9:44 of 1st period - Icing by Damon Severson.
9:45 of 1st period - Macklin Celebrini wins face-off versus J.T. Miller in Montreal Canadiens zone.
11:04 of 1st period - Damon Severson is hit by Ben Meyers and loses puck.
11:24 of 1st period - Icing by Cale Makar.
11:25 of 1st period - Juraj Slafkovsky wins face-off versus Joel Eriksson Ek in Calgary Flames zone.
11:51 of 1st period - Snap shot by Matthew Tkachuk.
11:51 of 1st period - Shot Misses the Net.
11:53 of 1st period - Wrist shot by Joel Eriksson Ek.
11:53 of 1st period - Shot Blocked by Brady Skjei.
12:51 of 1st period - Snap shot by Matthew Tkachuk.
12:51 of 1st period - Stopped by Stuart Skinner without a rebound.
12:52 of 1st period - Dylan Larkin wins face-off versus J.T. Miller in Montreal Canadiens zone.
13:03 of 1st period - Snap shot by J.T. Miller.
13:03 of 1st period - Stopped by Stuart Skinner without a rebound.
13:04 of 1st period - Dylan Larkin wins face-off versus J.T. Miller in Montreal Canadiens zone.
13:20 of 1st period - Snap shot by Dylan Larkin.
13:20 of 1st period - Stopped by Ilya Sorokin without a rebound.
13:21 of 1st period - Ryan Poehling wins face-off versus Nic Dowd in Calgary Flames zone.
13:24 of 1st period - Wrist shot by Patrik Laine.
13:24 of 1st period - Shot Misses the Net.
13:46 of 1st period - Filip Hronek is hit by Jake Evans and loses puck.
15:01 of 1st period - Minor Penalty to Brady Skjei for Holding.
15:02 of 1st period - Bo Horvat wins face-off versus Ryan Poehling in Montreal Canadiens zone.
15:05 of 1st period - Snap shot by Bo Horvat.
15:05 of 1st period - Stopped by Stuart Skinner with a rebound.
16:00 of 1st period - Icing by Chris Kreider.
16:01 of 1st period - J.T. Miller wins face-off versus Teddy Blueger in Calgary Flames zone.
16:20 of 1st period - Wrist shot by Jake Evans.
16:20 of 1st period - Stopped by Ilya Sorokin with a rebound.
17:01 of 1st period - Penalty to Brady Skjei is over, Brady Skjei is back on ice.
17:18 of 1st period - Slapshot by Nick Paul.
17:18 of 1st period - Shot Blocked by Brady Skjei.
17:20 of 1st period - Slapshot by Uvis Balinskis.
17:20 of 1st period - Shot Blocked by Macklin Celebrini.
17:34 of 1st period - Wrist shot by Joel Eriksson Ek.
17:34 of 1st period - Stopped by Stuart Skinner with a rebound.
18:04 of 1st period - Backhand shot by Juraj Slafkovsky.
18:04 of 1st period - Deflect By Macklin Celebrini.
18:04 of 1st period - Stopped by Ilya Sorokin with a rebound.
18:47 of 1st period - Wrist shot by Drew O'Connor.
18:47 of 1st period - Shot Misses the Net.
18:53 of 1st period - Snap shot by Patrik Laine.
18:53 of 1st period - Stopped by Ilya Sorokin with a rebound.
18:55 of 1st period - Backhand shot by Jeff Petry.
18:55 of 1st period - Stopped by Ilya Sorokin without a rebound.
18:56 of 1st period - Dylan Larkin wins face-off versus Bo Horvat in Calgary Flames zone.
18:59 of 1st period - Snap shot by Martin Necas.
18:59 of 1st period - Shot Misses the Net.
19:01 of 1st period - Slapshot by Adam Fox.
19:01 of 1st period - Stopped by Ilya Sorokin with a rebound.
19:30 of 1st period - Joel Eriksson Ek is hit by Brad Marchand and loses puck.
19:51 of 1st period - Slapshot by Teddy Blueger.
19:51 of 1st period - Shot Misses the Net.
19:53 of 1st period - Slapshot by Jackson Blake.
19:53 of 1st period - Shot Misses the Net.
Goals for this period are 0 for Calgary Flames vs 0 for Montreal Canadiens.
Shots for this period are 11 for Calgary Flames vs 14 for Montreal Canadiens.
2nd period
0:01 of 2nd period - J.T. Miller wins face-off versus Jake Evans in neutral zone.
0:08 of 2nd period - Wrist shot by Dylan Larkin.
0:08 of 2nd period - Shot Misses the Net.
0:26 of 2nd period - Snap shot by Drew O'Connor.
0:26 of 2nd period - Shot Misses the Net.
0:28 of 2nd period - Slapshot by Jeff Petry.
0:28 of 2nd period - Stopped by Ilya Sorokin with a rebound.
0:30 of 2nd period - Slapshot by Jeff Petry.
0:30 of 2nd period - Stopped by Ilya Sorokin without a rebound.
0:31 of 2nd period - Macklin Celebrini wins face-off versus Bo Horvat in Calgary Flames zone.
0:41 of 2nd period - Wrist shot by Macklin Celebrini.
0:41 of 2nd period - Stopped by Ilya Sorokin with a rebound.
0:43 of 2nd period - Slapshot by Damon Severson.
0:43 of 2nd period - Shot Misses the Net.
0:45 of 2nd period - Snap shot by Juraj Slafkovsky.
0:45 of 2nd period - Stopped by Ilya Sorokin without a rebound.
0:46 of 2nd period - Dylan Larkin wins face-off versus J.T. Miller in Calgary Flames zone.
0:57 of 2nd period - Snap shot by Dylan Larkin.
0:57 of 2nd period - Stopped by Ilya Sorokin with a rebound.
0:59 of 2nd period - Wrist shot by Martin Necas.
0:59 of 2nd period - Deflect By Dylan Larkin.
0:59 of 2nd period - Shot Misses the Net.
0:59 of 2nd period - Puck is out of play.
1:00 of 2nd period - Bo Horvat wins face-off versus Martin Necas in Calgary Flames zone.
1:11 of 2nd period - Wrist shot by Bo Horvat.
1:11 of 2nd period - Stopped by Stuart Skinner with a rebound.
1:13 of 2nd period - Slapshot by Uvis Balinskis.
1:13 of 2nd period - Shot Misses the Net.
1:15 of 2nd period - Wrist shot by Sebastian Aho.
1:15 of 2nd period - Shot Misses the Net.
1:17 of 2nd period - Slapshot by Filip Hronek.
1:17 of 2nd period - Deflect By Sebastian Aho.
1:17 of 2nd period - Shot Misses the Net.
1:17 of 2nd period - Puck is out of play.
1:18 of 2nd period - Ryan Poehling wins face-off versus J.T. Miller in Montreal Canadiens zone.
1:18 of 2nd period - Ryan Poehling is hit by Jeremy Lauzon.
1:28 of 2nd period - Backhand shot by Ryan Poehling.
1:28 of 2nd period - Shot Misses the Net.
1:30 of 2nd period - Wrist shot by Drew O'Connor.
1:30 of 2nd period - Stopped by Ilya Sorokin with a rebound.
1:32 of 2nd period - Snap shot by Adam Fox.
1:32 of 2nd period - Shot Misses the Net.
1:34 of 2nd period - Snap shot by Ilya Lyubushkin.
1:34 of 2nd period - Stopped by Ilya Sorokin with a rebound.
1:40 of 2nd period - Minor Penalty to Jeremy Lauzon for Tripping.
1:41 of 2nd period - Bo Horvat wins face-off versus Macklin Celebrini in Calgary Flames zone.
1:58 of 2nd period - Joel Eriksson Ek is hit by Martin Necas and loses puck.
2:19 of 2nd period - Snap shot by Dylan Larkin.
2:19 of 2nd period - Shot Misses the Net.
3:40 of 2nd period - Penalty to Jeremy Lauzon is over, Jeremy Lauzon is back on ice.
3:53 of 2nd period - Kris Letang is hit by Evgeni Dadonov and loses puck.
3:59 of 2nd period - Icing by Kris Letang.
4:00 of 2nd period - Ryan Poehling wins face-off versus Matthew Tkachuk in Calgary Flames zone.
4:13 of 2nd period - Backhand shot by Cale Makar.
4:13 of 2nd period - Stopped by Stuart Skinner without a rebound.
4:14 of 2nd period - Dylan Larkin wins face-off versus J.T. Miller in Montreal Canadiens zone.
5:15 of 2nd period - Off-side.
5:16 of 2nd period - J.T. Miller wins face-off versus Dylan Larkin in neutral zone.
5:43 of 2nd period - Brad Marchand is hit by Matthew Tkachuk and loses puck.
6:36 of 2nd period - Slapshot by Dylan Larkin.
6:36 of 2nd period - Shot Misses the Net.
6:42 of 2nd period - Minor Penalty to Jeremy Lauzon for Hooking.
6:43 of 2nd period - Bo Horvat wins face-off versus Dylan Larkin in Calgary Flames zone.
7:08 of 2nd period - Lane Hutson is hit by Cale Makar and loses puck.
8:42 of 2nd period - Penalty to Jeremy Lauzon is over, Jeremy Lauzon is back on ice.
9:01 of 2nd period - Snap shot by Nick Paul.
9:01 of 2nd period - Stopped by Stuart Skinner with a rebound.
9:36 of 2nd period - Drew O'Connor is hit by Chris Kreider and loses puck.
9:55 of 2nd period - Teddy Blueger is hit by Bo Horvat and loses puck.
10:05 of 2nd period - Icing by Martin Necas.
10:06 of 2nd period - Dylan Larkin wins face-off versus Joel Eriksson Ek in Montreal Canadiens zone.
10:15 of 2nd period - Alec Martinez is hit by Martin Necas and loses puck.
11:17 of 2nd period - Wrist shot by Chris Kreider.
11:17 of 2nd period - Shot Misses the Net.
11:19 of 2nd period - Snap shot by Mathieu Joseph.
11:19 of 2nd period - Stopped by Stuart Skinner with a rebound.
11:39 of 2nd period - Snap shot by Teddy Blueger.
11:39 of 2nd period - Stopped by Ilya Sorokin with a rebound.
11:41 of 2nd period - Wrist shot by Jackson Blake.
11:41 of 2nd period - Shot Misses the Net.
11:48 of 2nd period - Icing by Zach Hyman.
11:49 of 2nd period - Bo Horvat wins face-off versus Macklin Celebrini in Calgary Flames zone.
12:38 of 2nd period - Wrist shot by Matthew Tkachuk.
12:38 of 2nd period - Stopped by Stuart Skinner with a rebound.
12:40 of 2nd period - Wrist shot by Matthew Tkachuk.
12:40 of 2nd period - Stopped by Stuart Skinner with a rebound.
12:42 of 2nd period - Slapshot by Alec Martinez.
12:42 of 2nd period - Stopped by Stuart Skinner without a rebound.
12:43 of 2nd period - Dylan Larkin wins face-off versus J.T. Miller in Montreal Canadiens zone.
12:50 of 2nd period - Wrist shot by Dylan Larkin.
12:50 of 2nd period - Shot Misses the Net.
13:27 of 2nd period - Snap shot by Chris Kreider.
13:27 of 2nd period - Shot Misses the Net.
13:35 of 2nd period - Wrist shot by J.T. Miller.
13:35 of 2nd period - Stopped by Stuart Skinner with a rebound.
13:37 of 2nd period - Wrist shot by Mathieu Joseph.
13:37 of 2nd period - Shot Misses the Net.
13:39 of 2nd period - Snap shot by Mathieu Joseph.
13:39 of 2nd period - Shot Blocked by Damon Severson.
13:41 of 2nd period - Wrist shot by Mathieu Joseph.
13:41 of 2nd period - Deflect By Jackson Blake.
13:41 of 2nd period - Stopped by Stuart Skinner with a rebound.
13:43 of 2nd period - Slapshot by Mathieu Joseph.
13:43 of 2nd period - Shot Misses the Net.
13:45 of 2nd period - Snap shot by Chris Kreider.
13:45 of 2nd period - Shot Misses the Net.
13:49 of 2nd period - Slapshot by Cale Makar.
13:49 of 2nd period - Stopped by Stuart Skinner without a rebound.
13:50 of 2nd period - Bo Horvat wins face-off versus Dylan Larkin in Montreal Canadiens zone.
13:51 of 2nd period - Snap shot by Sebastian Aho.
13:51 of 2nd period - Deflect By Martin Necas.
13:51 of 2nd period - Shot Misses the Net.
13:51 of 2nd period - Puck is out of play.
13:52 of 2nd period - Dylan Larkin wins face-off versus Bo Horvat in Montreal Canadiens zone.
13:54 of 2nd period - Minor Penalty to Brady Skjei for Hooking.
13:55 of 2nd period - Bo Horvat wins face-off versus Teddy Blueger in Montreal Canadiens zone.
14:44 of 2nd period - Ryan Poehling is hit by Cale Makar and loses puck.
15:54 of 2nd period - Penalty to Brady Skjei is over, Brady Skjei is back on ice.
16:57 of 2nd period - Bo Horvat is hit by Brady Skjei and loses puck.
18:01 of 2nd period - Alec Martinez is hit by Jake Evans and loses puck.
18:51 of 2nd period - Off-side.
18:52 of 2nd period - Nic Dowd wins face-off versus Dylan Larkin in neutral zone.
18:55 of 2nd period - Dylan Larkin is hit by Nick Paul and loses puck.
19:31 of 2nd period - Icing by Jeremy Lauzon.
19:32 of 2nd period - Mathieu Joseph wins face-off versus Teddy Blueger in Calgary Flames zone.
Goals for this period are 0 for Calgary Flames vs 0 for Montreal Canadiens.
Shots for this period are 10 for Calgary Flames vs 8 for Montreal Canadiens.
3rd period
0:01 of 3rd period - Dylan Larkin wins face-off versus Bo Horvat in neutral zone.
0:04 of 3rd period - Kris Letang is hit by Dylan Larkin and loses puck.
0:09 of 3rd period - Wrist shot by Martin Necas.
0:09 of 3rd period - Shot Blocked by Kris Letang.
0:11 of 3rd period - Wrist shot by Jake Evans.
0:11 of 3rd period - Stopped by Ilya Sorokin with a rebound.
0:27 of 3rd period - Cale Makar is hit by Lane Hutson and loses puck.
0:32 of 3rd period - Wrist shot by Patrik Laine.
0:32 of 3rd period - Deflect By Ryan Poehling.
0:32 of 3rd period - Goal by Ryan Poehling - Calgary Flames : 0 - Montreal Canadiens : 1.
0:33 of 3rd period - Pavel Zacha wins face-off versus Dylan Larkin in neutral zone.
0:36 of 3rd period - Wrist shot by Matthew Tkachuk.
0:36 of 3rd period - Deflect By Joel Eriksson Ek.
0:36 of 3rd period - Stopped by Stuart Skinner without a rebound.
0:37 of 3rd period - Dylan Larkin wins face-off versus Joel Eriksson Ek in Montreal Canadiens zone.
0:37 of 3rd period - Dylan Larkin is hit by Jeremy Lauzon.
1:19 of 3rd period - Sebastian Aho is hit by Brad Marchand and loses puck.
1:40 of 3rd period - Slapshot by Ryan Poehling.
1:40 of 3rd period - Stopped by Ilya Sorokin without a rebound.
1:41 of 3rd period - Dylan Larkin wins face-off versus Joel Eriksson Ek in Calgary Flames zone.
1:46 of 3rd period - Slapshot by Dylan Larkin.
1:46 of 3rd period - Stopped by Ilya Sorokin without a rebound.
1:47 of 3rd period - Joel Eriksson Ek wins face-off versus Dylan Larkin in Calgary Flames zone.
1:56 of 3rd period - Snap shot by Joel Eriksson Ek.
1:56 of 3rd period - Goal by Joel Eriksson Ek - Calgary Flames : 1 - Montreal Canadiens : 1.
1:57 of 3rd period - J.T. Miller wins face-off versus Dylan Larkin in neutral zone.
2:08 of 3rd period - Wrist shot by Dylan Larkin.
2:08 of 3rd period - Stopped by Ilya Sorokin with a rebound.
2:10 of 3rd period - Slapshot by Brady Skjei.
2:10 of 3rd period - Shot Misses the Net.
2:12 of 3rd period - Slapshot by Brady Skjei.
2:12 of 3rd period - Stopped by Ilya Sorokin with a rebound.
2:30 of 3rd period - Snap shot by Zach Hyman.
2:30 of 3rd period - Stopped by Stuart Skinner with a rebound.
2:32 of 3rd period - Snap shot by Zach Hyman.
2:32 of 3rd period - Shot Blocked by Brady Skjei.
2:37 of 3rd period - Icing by Lane Hutson.
2:38 of 3rd period - Macklin Celebrini wins face-off versus Joel Eriksson Ek in Montreal Canadiens zone.
2:45 of 3rd period - Snap shot by Matthew Tkachuk.
2:45 of 3rd period - Stopped by Stuart Skinner with a rebound.
2:51 of 3rd period - Wrist shot by Matthew Tkachuk.
2:51 of 3rd period - Stopped by Stuart Skinner without a rebound.
2:52 of 3rd period - Dylan Larkin wins face-off versus Sebastian Aho in Montreal Canadiens zone.
3:30 of 3rd period - Juraj Slafkovsky is hit by Filip Hronek and loses puck.
4:09 of 3rd period - Wrist shot by Jackson Blake.
4:09 of 3rd period - Shot Misses the Net.
4:11 of 3rd period - Snap shot by Teddy Blueger.
4:11 of 3rd period - Shot Misses the Net.
4:39 of 3rd period - Slapshot by Cale Makar.
4:39 of 3rd period - Shot Blocked by Macklin Celebrini.
4:49 of 3rd period - Jake Evans is hit by Mathieu Joseph and loses puck.
4:57 of 3rd period - Icing by Martin Necas.
4:58 of 3rd period - Joel Eriksson Ek wins face-off versus Dylan Larkin in Montreal Canadiens zone.
5:15 of 3rd period - Slapshot by Lane Hutson.
5:15 of 3rd period - Deflect By Martin Necas.
5:15 of 3rd period - Shot Misses the Net.
5:15 of 3rd period - Puck is out of play.
5:16 of 3rd period - J.T. Miller wins face-off versus Macklin Celebrini in Calgary Flames zone.
5:23 of 3rd period - Slapshot by Kris Letang.
5:23 of 3rd period - Shot Misses the Net.
5:27 of 3rd period - Wrist shot by J.T. Miller.
5:27 of 3rd period - Deflect By Chris Kreider.
5:27 of 3rd period - Stopped by Stuart Skinner without a rebound.
5:28 of 3rd period - Dylan Larkin wins face-off versus Zach Hyman in Montreal Canadiens zone.
5:55 of 3rd period - Sebastian Aho is hit by Drew O'Connor and loses puck.
6:02 of 3rd period - Wrist shot by Patrik Laine.
6:02 of 3rd period - Stopped by Ilya Sorokin without a rebound.
6:03 of 3rd period - Macklin Celebrini wins face-off versus J.T. Miller in Calgary Flames zone.
6:11 of 3rd period - Minor Penalty to Filip Hronek for Holding.
6:12 of 3rd period - Bo Horvat wins face-off versus Macklin Celebrini in Calgary Flames zone.
8:11 of 3rd period - Penalty to Filip Hronek is over, Filip Hronek is back on ice.
8:37 of 3rd period - Teddy Blueger is hit by Filip Hronek and loses puck.
8:50 of 3rd period - Snap shot by Jackson Blake.
8:50 of 3rd period - Shot Blocked by Pavel Zacha.
10:16 of 3rd period - Macklin Celebrini is hit by Uvis Balinskis and loses puck.
10:29 of 3rd period - Joel Eriksson Ek is hit by Patrik Laine and loses puck.
10:52 of 3rd period - Dylan Larkin is hit by Sebastian Aho and loses puck.
11:13 of 3rd period - Wrist shot by Nick Paul.
11:13 of 3rd period - Stopped by Stuart Skinner with a rebound.
11:15 of 3rd period - Slapshot by Jeremy Lauzon.
11:15 of 3rd period - Shot Hit the Post.
11:17 of 3rd period - Slapshot by Ben Meyers.
11:17 of 3rd period - Stopped by Stuart Skinner without a rebound.
11:18 of 3rd period - J.T. Miller wins face-off versus Teddy Blueger in Montreal Canadiens zone.
11:23 of 3rd period - Wrist shot by J.T. Miller.
11:23 of 3rd period - Stopped by Stuart Skinner with a rebound.
11:25 of 3rd period - Slapshot by Cale Makar.
11:25 of 3rd period - Deflect By Mathieu Joseph.
11:25 of 3rd period - Shot Blocked by Adam Fox.
11:25 of 3rd period - Puck is out of play.
11:26 of 3rd period - J.T. Miller wins face-off versus Teddy Blueger in Montreal Canadiens zone.
11:53 of 3rd period - Jeff Petry is hit by Matthew Tkachuk and loses puck.
12:04 of 3rd period - Jake Evans is hit by Kris Letang and loses puck.
12:23 of 3rd period - Wrist shot by Nic Dowd.
12:23 of 3rd period - Stopped by Stuart Skinner without a rebound.
12:24 of 3rd period - Macklin Celebrini wins face-off versus J.T. Miller in Montreal Canadiens zone.
12:35 of 3rd period - Snap shot by Macklin Celebrini.
12:35 of 3rd period - Shot Blocked by Uvis Balinskis.
12:39 of 3rd period - Snap shot by Brad Marchand.
12:39 of 3rd period - Shot Misses the Net.
12:41 of 3rd period - Slapshot by Brady Skjei.
12:41 of 3rd period - Stopped by Ilya Sorokin with a rebound.
12:47 of 3rd period - Minor Penalty to Filip Hronek for Tripping.
12:48 of 3rd period - Macklin Celebrini wins face-off versus Bo Horvat in Calgary Flames zone.
12:53 of 3rd period - Snap shot by Martin Necas.
12:53 of 3rd period - Shot Misses the Net.
12:55 of 3rd period - Wrist shot by Damon Severson.
12:55 of 3rd period - Deflect By Martin Necas.
12:55 of 3rd period - Goal by Martin Necas - Calgary Flames : 1 - Montreal Canadiens : 2.
12:56 of 3rd period - Bo Horvat wins face-off versus Dylan Larkin in neutral zone.
13:03 of 3rd period - Wrist shot by Bo Horvat.
13:03 of 3rd period - Stopped by Stuart Skinner without a rebound.
13:04 of 3rd period - Bo Horvat wins face-off versus Dylan Larkin in Montreal Canadiens zone.
13:19 of 3rd period - Wrist shot by Sebastian Aho.
13:19 of 3rd period - Stopped by Stuart Skinner with a rebound.
13:21 of 3rd period - Slapshot by Alec Martinez.
13:21 of 3rd period - Stopped by Stuart Skinner without a rebound.
13:22 of 3rd period - J.T. Miller wins face-off versus Macklin Celebrini in Montreal Canadiens zone.
13:29 of 3rd period - Macklin Celebrini is hit by Uvis Balinskis and loses puck.
14:01 of 3rd period - Off-side.
14:02 of 3rd period - Bo Horvat wins face-off versus Juraj Slafkovsky in neutral zone.
14:20 of 3rd period - Minor Penalty to Jeremy Lauzon for Holding.
14:21 of 3rd period - Dylan Larkin wins face-off versus J.T. Miller in Calgary Flames zone.
14:29 of 3rd period - Wrist shot by Patrik Laine.
14:29 of 3rd period - Stopped by Ilya Sorokin with a rebound.
14:47 of 3rd period - Brady Skjei is hit by Cale Makar and loses puck.
15:13 of 3rd period - Icing by Adam Fox.
15:14 of 3rd period - Bo Horvat wins face-off versus Dylan Larkin in Montreal Canadiens zone.
15:15 of 3rd period - Wrist shot by Sebastian Aho.
15:15 of 3rd period - Shot Blocked by Juraj Slafkovsky.
15:55 of 3rd period - J.T. Miller is hit by Dylan Larkin.
16:20 of 3rd period - Penalty to Jeremy Lauzon is over, Jeremy Lauzon is back on ice.
16:35 of 3rd period - Wrist shot by Cale Makar.
16:35 of 3rd period - Shot Misses the Net.
16:39 of 3rd period - Slapshot by Cale Makar.
16:39 of 3rd period - Stopped by Stuart Skinner with a rebound.
16:41 of 3rd period - Wrist shot by Nic Dowd.
16:41 of 3rd period - Deflect By Nick Paul.
16:41 of 3rd period - Shot Misses the Net.
16:41 of 3rd period - Puck is out of play.
16:42 of 3rd period - Dylan Larkin wins face-off versus J.T. Miller in Montreal Canadiens zone.
17:05 of 3rd period - Pavel Zacha is hit by Macklin Celebrini and loses puck.
17:53 of 3rd period - Wrist shot by Martin Necas.
17:53 of 3rd period - Shot Misses the Net.
18:11 of 3rd period - Damon Severson is hit by Filip Hronek and loses puck.
18:30 of 3rd period - Calgary Flames, Ilya Sorokin is pulled from the net.
18:32 of 3rd period - Snap shot by Nick Paul.
18:32 of 3rd period - Goal by Nick Paul - Calgary Flames : 2 - Montreal Canadiens : 2.
18:32 of 3rd period - Ilya Sorokin from Calgary Flames was sent back in the game.
18:33 of 3rd period - Ryan Poehling wins face-off versus Nic Dowd in neutral zone.
18:43 of 3rd period - Icing by Kris Letang.
18:44 of 3rd period - Nic Dowd wins face-off versus Ryan Poehling in Calgary Flames zone.
18:59 of 3rd period - Snap shot by Cale Makar.
18:59 of 3rd period - Stopped by Stuart Skinner without a rebound.
19:00 of 3rd period - Dylan Larkin wins face-off versus Bo Horvat in Montreal Canadiens zone.
19:20 of 3rd period - Minor Penalty to Dylan Larkin for Tripping.
19:21 of 3rd period - J.T. Miller wins face-off versus Teddy Blueger in Montreal Canadiens zone.
19:33 of 3rd period - J.T. Miller is hit by Ilya Lyubushkin and loses puck.
19:38 of 3rd period - Snap shot by Ryan Poehling.
19:38 of 3rd period - Stopped by Ilya Sorokin without a rebound.
19:39 of 3rd period - Teddy Blueger wins face-off versus Bo Horvat in Calgary Flames zone.
Goals for this period are 2 for Calgary Flames vs 2 for Montreal Canadiens.
Shots for this period are 16 for Calgary Flames vs 11 for Montreal Canadiens.
Overtime #1
0:01 of 1st overtime period - Bo Horvat wins face-off versus Ryan Poehling in neutral zone.
0:04 of 1st overtime period - Slapshot by Cale Makar.
0:04 of 1st overtime period - Shot Blocked by Brady Skjei.
0:08 of 1st overtime period - Snap shot by Bo Horvat.
0:08 of 1st overtime period - Stopped by Stuart Skinner with a rebound.
0:10 of 1st overtime period - Slapshot by Kris Letang.
0:10 of 1st overtime period - Stopped by Stuart Skinner without a rebound.
0:11 of 1st overtime period - Jake Evans wins face-off versus J.T. Miller in Montreal Canadiens zone.
1:20 of 1st overtime period - Penalty to Dylan Larkin is over, Dylan Larkin is back on ice.
1:39 of 1st overtime period - Wrist shot by Teddy Blueger.
1:39 of 1st overtime period - Goal by Teddy Blueger - Calgary Flames : 2 - Montreal Canadiens : 3.
Goals for this period are 0 for Calgary Flames vs 1 for Montreal Canadiens.
Shots for this period are 2 for Calgary Flames vs 1 for Montreal Canadiens.
Back to the Top